 Dungeon Crawl Stone Soup version 0.30-a0-54-g2e61a25929 (webtiles) character file.

Game seed: 1310077177080143219

133111 jlumianski the Severer (level 16, -1/125 HPs)
             Began as a Demonspawn Gladiator on Sept 8, 2022.
             Was the Champion of Qazlal.
             Slain by a merfolk
             ... wielding a +0 trident
             ... led by Ilsuiw
              (16 damage)
             ... on level 3 of the Shoals on Sept 9, 2022.
             The game lasted 02:43:21 (21954 turns).

jlumianski the Severer (Demonspawn Gladiator)      Turns: 21954, Time: 02:43:24

Health: -1/125     AC: 25    Str: 29    XL:     16   Next: 59%
Magic:  26/26      EV: 24    Int: 12    God:    Qazlal [******]
Gold:   1084       SH: 20    Dex: 20    Spells: 15/15 levels left

rFire   . . .      SeeInvis +    E - +7 dagger "Conservator" {vorpal, Fly}
rCold   + + +      Faith    .    X - +0 kite shield
rNeg    . . .      Spirit   .    f - +4 scale mail of Thoughtfulness {rC++ Str+2 Dex+6}
rPois   +          Reflect  .    z - +3 crown of Dyrovepreva {rElec Int+2 SInv}
rElec   +          Harm     .    I - +2 cloak {Will+}
rCorr   .          Rampage  .    G - +2 pair of gloves
Will    ++...                    y - +2 pair of boots
Stlth   +.........               J - amulet of regeneration
HPRegen 1.90/turn                b - +4 ring of slaying
MPRegen 0.20/turn                v - +6 ring of strength

@: agile, engulfed (cannot breathe), protected from cold, flying, studying
Invocations, repel missiles
A: horns 2, repulsion field 3, demonic guardian 2, powered by pain 1, clumsy 1,
cold resistance 1, poison resistance, regeneration 1, subdued magic 1
a: Renounce Religion, Upheaval, Elemental Force, Disaster Area


You were on level 3 of the Shoals.
You worshipped Qazlal.
Qazlal was exalted by your worship.
You visited 5 branches of the dungeon, and saw 24 of its levels.
You also visited: Ice Cave and Volcano.

You collected 2639 gold pieces.
You spent 1555 gold pieces at shops.

Inventory:

Hand Weapons
 e - a +2 scimitar of flaming
 g - a +1 broad axe of freezing
 s - the +7 dagger "Pailet Dohimm" {vamp, rElec rC+}
   (You found it on level 3 of the Lair of Beasts)

   It occasionally heals its wielder for a portion of the damage dealt when it
   wounds a living foe.
   rC:        It protects you from cold.
   rElec:     It insulates you from electricity.
 D - a +1 demon trident of draining
 E - the +7 dagger "Conservator" (weapon) {vorpal, Fly}
   (You found it on level 13 of the Dungeon)

   It inflicts extra damage upon your enemies.
   Fly:       It grants you flight.
Missiles
 a - 2 boomerangs of dispersal
 d - 11 throwing nets
 l - 63 poisoned darts (quivered)
 m - 3 javelins
 q - 12 curare-tipped darts
 r - 4 atropa-tipped darts
 F - 6 silver javelins
 H - 14 boomerangs
Armour
 f - the +4 scale mail of Thoughtfulness (worn) {rC++ Str+2 Dex+6}
   (You found it on level 4 of the Dungeon)

   Str:       It affects your strength (+2).
   Dex:       It affects your dexterity (+6).
   rC:        It greatly protects you from cold.
 y - a +2 pair of boots (worn)
 z - the +3 crown of Dyrovepreva (worn) {rElec Int+2 SInv}
   (You found it on level 3 of the Lair of Beasts)

   Int:       It affects your intelligence (+2).
   rElec:     It insulates you from electricity.
   SInv:      It lets you see invisible.
 G - a +2 pair of gloves (worn)
 I - a +2 cloak of willpower (worn)
 X - a +0 kite shield (worn)
Jewellery
 b - a +4 ring of slaying (left hand)
 v - a +6 ring of strength (right hand)
 w - the ring "Xunnyit" {rPois rN+ Str-2 SInv}
   (You took it off a yaktaur captain on level 13 of the Dungeon)

   [ring of see invisible]

   Str:       It affects your strength (-2).
   rPois:     It protects you from poison.
   rN:        It protects you from negative energy.
   SInv:      It lets you see invisible.
 J - an amulet of regeneration (around neck)
 M - a ring of fire
 Q - a ring of the Octopus King {rN+ HP+2 AC+2 EV+2 SH+2}
   (You found it on level 13 of the Dungeon)

   [ring of positive energy]

   AC:        It affects your AC (+2).
   EV:        It affects your evasion (+2).
   rN:        It protects you from negative energy.
   HP:        It affects your health (+2).
   SH:        It affects your SH (+2).
Wands
 p - a wand of charming (39)
 t - a wand of digging (7)
 A - a wand of mindburst (28)
 U - a wand of acid (3)
 Z - a wand of iceblast (8)
Scrolls
 c - 7 scrolls of poison
 j - 4 scrolls of blinking
 n - 2 scrolls of butterflies
 o - 6 scrolls of identify
 R - 6 scrolls of teleportation
 S - 3 scrolls of magic mapping
Potions
 h - a potion of heal wounds
 i - 4 potions of haste
 k - 2 potions of berserk rage
 u - 8 potions of curing
 x - 2 potions of resistance
 B - 6 potions of might
 C - 3 potions of invisibility
 O - 5 potions of cancellation
Miscellaneous
 P - a condenser vane (inert)
 V - a phial of floods


   Skills:
 + Level 11.0 Fighting
 + Level 1.3(1.8) Short Blades
 + Level 1.6(1.9) Long Blades
 + Level 16.5 Axes
 + Level 0.7(10.8) Polearms
 + Level 2.7 Throwing
 + Level 8.5 Armour
 + Level 9.0 Dodging
 - Level 2.5 Stealth
 + Level 10.0 Shields
 * Level 14.3 Invocations
 * Level 10.6 Evocations


You had 15 spell levels left.
You didn't know any spells.
Your spell library contained the following spells:

 Spells                   Type           Power      Damage    Failure   Level
 Apportation              Tloc           0%         N/A       77%         1
 Beastly Appendage        Tmut           0%         N/A       77%         1
 Freeze                   Ice            0%         1d3       77%         1
 Magic Dart               Conj           0%         1d3       77%         1
 Call Imp                 Summ           0%         N/A       89%         2
 Ensorcelled Hibernation  Hex/Ice        0%         N/A       89%         2
 Passwall                 Tmut/Erth      0%         N/A       89%         2
 Poisonous Vapours        Pois/Air       0%         N/A       89%         2
 Wereblood                Tmut           0%         N/A       89%         2
 Call Canine Familiar     Summ           0%         N/A       98%         3
 Confusing Touch          Hex            0%         N/A       98%         3
 Conjure Flame            Conj/Fire      0%         6-21      98%         3
 Frozen Ramparts          Ice            0%         1d1       98%         3
 Ignite Poison            Fire/Tmut/Pois 0%         N/A       98%         3
 Mephitic Cloud           Conj/Pois/Air  0%         N/A       98%         3
 Ozocubu's Armour         Ice            0%         N/A       98%         3
 Portal Projectile        Hex/Tloc       0%         N/A       98%         3
 Spider Form              Tmut/Pois      0%         N/A       98%         3
 Anguish                  Hex/Necr       0%         N/A       100%        4
 Corpse Rot               Necr/Pois/Air  0%         N/A       100%        4
 Hailstorm                Conj/Ice       0%         3d3       100%        4
 Ice Form                 Ice/Tmut       0%         N/A       100%        4
 Leda's Liquefaction      Hex/Erth       0%         N/A       100%        4
 Sticky Flame             Conj/Fire      0%         2d3       100%        4
 Summon Ice Beast         Ice/Summ       0%         N/A       100%        4
 Blade Hands              Tmut           0%         N/A       100%        5
 Freezing Cloud           Conj/Ice/Air   0%         6-21      100%        5
 Irradiate                Conj/Tmut      0%         3d11      100%        5
 Lee's Rapid Deconstruct  Erth           0%         3d5*      100%        5
 Manifold Assault         Tloc           0%         N/A       100%        5
 Metabolic Englaciation   Hex/Ice        0%         N/A       100%        5
 Yara's Violent Unravell  Hex/Tmut       0%         3d3       100%        5
 Conjure Ball Lightning   Conj/Air       0%         3x3d6     100%        6
 Dispersal                Tloc           0%         N/A       100%        6
 Simulacrum               Ice/Necr       0%         N/A       100%        6
 Statue Form              Tmut/Erth      0%         N/A       100%        6
 Dragon Form              Tmut           0%         N/A       100%        7
 Enfeeble                 Hex            0%         N/A       100%        7
 Ozocubu's Refrigeration  Ice            0%         4d7       100%        7
 Spellforged Servitor     Conj/Summ      0%         N/A       100%        7
 Discord                  Hex            0%         N/A       100%        8
 Disjunction              Tloc           0%         N/A       100%        8
 Summon Horrible Things   Summ           0%         N/A       100%        8
 Polar Vortex             Ice            0%         N/A       100%        9
 Shatter                  Erth           0%         3d5*      100%        9


Dungeon Overview and Level Annotations

Branches:
Dungeon (13/15)            Temple (1/1) D:4            Lair (5/5) D:9
 Shoals (3/4) Lair:2       Spider (0/4) Lair:2        Slime (0/5) Lair:4
    Orc (2/2) D:12            Elf (0/3) Orc:2         IceCv (visited)
Volcano (visited)
 Vaults: D:13-14

Altars:
Ashenzari
Cheibriados
Dithmenos
Fedhas
Gozag
Hepliaklqana
Kikubaaqudgha
Makhleb
Nemelex Xobeh
Okawaru
Qazlal
Ru
Sif Muna
Trog
Uskayaw
Vehumet
Wu Jian
Xom
Yredelemnul
Lugonu

Shops:
D:4 !   D:6 (:   D:8 [[=!?:   Orc:2 [!?(

Portals:
Abyss: D:10 Lair:5

Annotations:
D:9 2 runed translucent doors
D:10 2 transporters, frimble's ghost, novice DsCA
Shoals:3 Ilsuiw


Innate Abilities, Weirdness & Mutations

You have a pair of horns on your head.
You are surrounded by a strong repulsion field. (EV +4, RMsl)
A demonic guardian rushes to your aid.
You sometimes gain a little power by taking damage.
You are clumsy. (Dex -2)
Your flesh is cold resistant. (rC+)
Your system is resistant to poisons. (rPois)
Your natural rate of healing is unusually fast.
Your spells are a little easier to cast, but a little less powerful.


Message History

Your orange demon splashes around in the water.
You feel much better.
* * * LOW HITPOINT WARNING * * *
Your lungs strain for air!
The merfolk is struck by lightning.
The merfolk completely misses you. You block the water elemental's attack.
The water elemental closely misses you. You block the merfolk's attack.
Ilsuiw completely misses you.
Your orange demon stings the water elemental.
Your orange demon hits the water elemental!
The water elemental looks weaker.
You puncture the water elemental!
You destroy the water elemental!
The water elemental disappears in a puff of smoke!
* * * LOW HITPOINT WARNING * * *
Your lungs strain for air!
You block the merfolk's attack. The water elemental hits you.
The merfolk is struck by lightning.
You block the merfolk's attack.
Ilsuiw hits you from afar with a +1 trident of freezing.
* * * LOW HITPOINT WARNING * * *
Your resistance to physical damage fades away.
You feel protected from cold.
You hit the water elemental. You headbutt the water elemental.
The water elemental is heavily damaged.
* * * LOW HITPOINT WARNING * * *
Your lungs strain for air!
The merfolk is struck by lightning.
You kill the merfolk!
Qazlal accepts your kill.
You hear a splash. x2
You block the water elemental's attack. The merfolk hits you with a +0 trident!
* * * LOW HITPOINT WARNING * * *
Ilsuiw casts a spell.
Ilsuiw blinks!
You feel much better.
* * * LOW HITPOINT WARNING * * *
Your lungs strain for air!
The water elemental completely misses you.
Your orange demon splashes around in the water.
The merfolk hits you with a +0 trident!
You die...

..~~~~~~~≈≈≈≈≈≈
##.~~~~~~≈≈≈≈≈≈
##.~~~~~≈≈≈≈≈≈≈
#..~~~~~≈≈≈≈≈≈≈
...~~~~~~~≈≈≈≈≈
.~~~~~~~~~≈≈≈≈≈
>~~~~☼~§○§~~~~m
.~~~~~m○○○~~~~~
..~~~○§@~~~~~~~
...~~☼E~4~~~~~~
~.~~~~~~~§~~~~~
#.~...~.#.~~~<~
#..~...##..~~~~
..~~~~. ..~~~~
.~~~~~~ ..~~~~
~~~~~~~ ~~~~≈
.~~~~~~ ~~~≈


You could see Ilsuiw (invisible), a merfolk, a water elemental (summoned, ally
target) and a friendly orange demon (summoned).

Vanquished Creatures
  2 krakens
  The ghost of Heluore the Spry, an adept DsGl of Wu Jian (Shoals:1)
  A frost giant (IceCv)
  A very ugly thing (D:11)
  Azrael (Orc:2)
  An ettin (Orc:2)
  5 merfolk impalers
  2 merfolk javelineers
  A yaktaur captain (D:13)
  5 hydras
  A catoblepas (Lair:4)
  2 boulder beetles
  2 ogre magi (Orc:2)
  A merfolk avatar (Shoals:2)
  3 merfolk aquamancers (Shoals:2)
  7 centaur warriors
  A satyr (Shoals:2)
  12 two-headed ogres
  A dancing weapon (D:8)
  A tengu warrior (D:8)
  8 death yaks
  4 thrashing horrors (Lair:5)
  A hell knight (Volcano)
  The ghost of dracfodder the Destroyer, a novice DrCj (D:8)
  2 deep trolls (Orc:2)
  8 sea snakes
  A swamp dragon (D:13)
  5 lindwurms
  18 harpies
  6 cyclopes
  3 deep elf pyromancers
  A faun (Shoals:2)
  4 manticores
  4 ugly things
  9 elephants
  4 merfolk sirens
  2 black mambas
  2 water nymphs
  A torpor snail (Lair:4)
  An ice statue (IceCv)
  2 smoke demons (Lair:5)
  An unseen horror (D:13)
  2 gargoyles
  A molten gargoyle (Volcano)
  5 komodo dragons
  6 yaktaurs
  7 cane toads
  A kobold demonologist (D:11)
  An efreet (D:13)
  17 rime drakes
  Psyche (D:9)
  An ancient zyme (Lair:5)
  22 merfolk
  A hornet (D:7)
  3 wind drakes
  Grinder (D:5)
  15 trolls
  7 polar bears
  6 snapping turtles
  A raiju (shapeshifter) (Lair:5)
  A slime creature (D:13)
  26 blink frogs
  3 dream sheep
  A jumping spider (Lair:2)
  2 ynoxinuls (Lair:5)
  A culicivora (shapeshifter) (D:13)
  A spriggan (Lair:5)
  10 water elementals
  4 wraiths
  5 shadows
  4 fire elementals (Orc:2)
  28 yaks
  5 fire bats (Volcano)
  2 humans (D:8)
  6 wyverns
  6 basilisks
  A chaos spawn (Lair:5)
  4 vampire mosquitoes (D:13)
  10 steam dragons
  2 hell hounds (Orc:2)
  12 water moccasins
  An acid dragon (D:11)
  Duvessa (D:6)
  2 black bears
  An ice beast (D:3)
  10 orc warriors
  2 sky beasts (D:6)
  13 wolves
  4 boggarts (D:13)
  22 ogres
  14 centaurs
  2 phantoms
  4 kobold brigands
  A necrophage (D:4)
  2 scorpions
  11 bullfrogs
  7 wights
  Dowan (D:6)
  10 small abominations (Lair:5)
  A troll zombie (D:12)
  9 killer bees
  2 electric eels (Lair:2)
  4 howler monkeys
  9 lava snakes
  3 iron imps (D:9)
  4 hounds
  Crazy Yiuf (D:5)
  6 orc priests
  4 jellies
  3 gnoll boudas
  An iguana (D:5)
  Ijyb (D:5)
  12 orc wizards
  5 ogre zombies (D:12)
  13 gnolls
  6 adders
  2 shadow imps
  4 white imps
  3 ufetubi
  A worm (D:3)
  2 dart slugs
  32 orcs
  5 bats
  3 bat zombies (D:10)
  12 endoplasms
  4 giant cockroaches
  8 goblins
  8 hobgoblins
  10 jackals
  5 quokkas
  3 training dummies (D:6)
  5 ball pythons
  7 frilled lizards
  A goblin skeleton (D:12)
  2 goblin zombies (D:12)
  2 hobgoblin skeletons (D:12)
  2 hobgoblin zombies (D:12)
  17 kobolds
  2 orc skeletons (D:12)
  9 orc zombies (D:12)
  8 rats
  A bush (Lair:2)
  8 tentacles
729 creatures vanquished.

Vanquished Creatures (collateral kills)
  An orc warlord (Orc:2)
  A yaktaur captain (D:13)
  A merfolk impaler (Shoals:2)
  A boulder beetle (Lair:3)
  A merfolk avatar (Shoals:2)
  A centaur warrior (D:13)
  A merfolk aquamancer (Shoals:2)
  A tengu warrior (D:13)
  An ugly thing (D:13)
  A manticore (Shoals:1)
  3 fauns (Shoals:2)
  A cyclops (D:12)
  A merfolk siren (Shoals:1)
  A troll (Orc:2)
  3 merfolk (Shoals:2)
  3 dream sheep (Shoals:2)
  A large abomination (Lair:5)
  A basilisk (Lair:5)
  A fire elemental (Orc:2)
  6 yaks
  A warg (Orc:2)
  A hell hound (Orc:2)
  3 orc warriors (Orc:2)
  A small abomination (Lair:5)
  3 lava snakes (Volcano)
  An orc priest (Orc:2)
  2 orcs (Orc:2)
43 creatures vanquished.

Vanquished Creatures (others)
  A water nymph (Shoals:1)
  A wind drake (Shoals:1)
  An orc skeleton (D:12)
  A bush (Lair:3)
  14 fungi
  65 plants
  4 tentacles (Shoals:3)
87 creatures vanquished.

Grand Total: 859 creatures vanquished

Notes
Turn   | Place    | Note
-------+----------+-------------------------------------------
     0 | D:1      | jlumianski the Demonspawn Gladiator began the quest for the
                  | Orb.
     0 | D:1      | Reached XP level 1. HP: 16/16 MP: 1/1
   221 | D:1      | Reached skill level 3 in Axes
   228 | D:1      | Gained mutation: You are surrounded by a mild repulsion
                  | field. (EV +2) [demonic ancestry]
   228 | D:1      | Reached XP level 2. HP: 13/22 MP: 2/2
   758 | D:1      | Gained mutation: You have a pair of small horns on your
                  | head. [demonic ancestry]
   758 | D:1      | Reached XP level 3. HP: 23/27 MP: 3/3
  1694 | D:2      | Reached skill level 1 in Armour
  1783 | D:2      | Identified the +5 ring mail "Gifuwit" {MP-9 Str+4 Dex+3}
  1903 | D:2      | Gained mutation: You sometimes gain a little power by
                  | taking damage. [demonic ancestry]
  1903 | D:2      | Reached XP level 4. HP: 33/33 MP: 0/4
  2157 | D:3      | Noticed an ice beast
  2176 | D:3      | Killed an ice beast
  2177 | D:3      | Reached skill level 4 in Axes
  2177 | D:3      | Reached XP level 5. HP: 39/39 MP: 0/5
  2332 | D:3      | Found a faded altar of an unknown god.
  2575 | D:3      | Reached skill level 1 in Stealth
  2760 | D:4      | Found Qigoc's Distillery.
  2837 | D:5      | Entered Level 5 of the Dungeon
  2837 | D:5      | Noticed a centaur
  3025 | D:3      | Gained mutation: You occasionally shout uncontrollably at
                  | your foes. [potion of mutation]
  3025 | D:3      | Gained mutation: Your body sometimes deteriorates upon
                  | taking damage. [potion of mutation]
  3026 | D:3      | Lost mutation: You occasionally shout uncontrollably at
                  | your foes. [potion of mutation]
  3026 | D:3      | Lost mutation: Your body sometimes deteriorates upon taking
                  | damage. [potion of mutation]
  3026 | D:3      | Gained mutation: Your natural rate of healing is unusually
                  | fast. [potion of mutation]
  3026 | D:3      | Gained mutation: Your spells are a little easier to cast,
                  | but a little less powerful. [potion of mutation]
  3026 | D:3      | Gained mutation: You are clumsy. (Dex -2) [potion of
                  | mutation]
  3026 | D:3      | Gained mutation: You have hidden genetic potential. [potion
                  | of mutation]
  3162 | D:4      | Identified the +4 scale mail of Thoughtfulness {rC++ Str+2
                  | Dex+6}
  3270 | D:4      | Gained mutation: You are surrounded by a moderate repulsion
                  | field. (EV +3) [demonic ancestry]
  3270 | D:4      | Reached XP level 6. HP: 46/46 MP: 6/6
  3280 | D:4      | Reached skill level 5 in Axes
  3446 | D:4      | Found a staircase to the Ecumenical Temple.
  3472 | Temple   | Entered the Ecumenical Temple
  3543 | Temple   | Became a worshipper of Qazlal Stormbringer
  3649 | D:4      | Found a faded altar of an unknown god.
  3649 | D:4      | Found a faded altar of an unknown god.
  3650 | D:4      | Found a faded altar of an unknown god.
  3652 | D:4      | Found a hazy altar of Hepliaklqana.
  3759 | D:4      | Gained mutation: Your system is resistant to poisons.
                  | (rPois) [hidden potential]
  3849 | D:5      | Noticed Ijyb
  3906 | D:5      | Gained mutation: You are surrounded by a strong repulsion
                  | field. (EV +4, RMsl) [demonic ancestry]
  3906 | D:5      | Reached XP level 7. HP: 52/52 MP: 7/7
  4052 | D:5      | Noticed Grinder
  4054 | D:5      | Paralysed by Grinder for 2 turns
  4069 | D:5      | Killed Grinder
  4070 | D:5      | Reached skill level 6 in Axes
  4075 | D:5      | Gained mutation: Your flesh is cold resistant. (rC+)
                  | [hidden potential]
  4075 | D:5      | Lost mutation: You have hidden genetic potential. [hidden
                  | potential expressed]
  4102 | D:5      | Killed Ijyb
  4147 | D:6      | Found Baci's Firing Range.
  4164 | D:5      | Reached skill level 7 in Axes
  4171 | D:5      | Gained mutation: A weak demonic guardian rushes to your
                  | aid. [demonic ancestry]
  4171 | D:5      | Reached XP level 8. HP: 50/59 MP: 8/8
  4214 | D:5      | You fall into a shaft and drop 2 floors!
  4224 | D:8      | Found Zalairosm's Armour Emporium.
  4244 | D:7      | Noticed a troll
  4253 | D:7      | Killed a troll
  4266 | D:8      | Reached * piety under Qazlal
  4306 | D:7      | Reached skill level 8 in Axes
  4769 | D:5      | Found a runed translucent door.
  4770 | D:5      | Noticed Crazy Yiuf
  4896 | D:5      | Killed Crazy Yiuf
  4952 | D:6      | Reached XP level 9. HP: 53/66 MP: 9/9
  4970 | D:6      | Bought a throwing net for 36 gold pieces
  4970 | D:6      | Bought a throwing net for 36 gold pieces
  4970 | D:6      | Bought a throwing net for 36 gold pieces
  5145 | D:6      | Reached skill level 9 in Axes
  5356 | D:6      | Noticed Duvessa
  5381 | D:6      | Killed Duvessa
  5383 | D:6      | Noticed Dowan
  5390 | D:6      | Killed Dowan
  5429 | D:6      | Found Otoecya's Book Shoppe.
  5516 | D:6      | Found an opulent altar of Gozag.
  5590 | D:6      | Reached skill level 5 in Fighting
  5771 | D:7      | Reached skill level 5 in Dodging
  5941 | D:7      | Reached ** piety under Qazlal
  5987 | D:7      | Found an ornate altar of the Wu Jian Council.
  6073 | D:7      | Reached skill level 10 in Axes
  6073 | D:7      | Reached skill level 1 in Shields
  6293 | D:8      | Found Uzado's Antique Armour Shoppe.
  6293 | D:8      | Found a broken altar of Ashenzari.
  6363 | D:8      | Found Xiliux's Jewellery Shop.
  6461 | D:8      | Found a runed translucent door.
  6461 | D:8      | Found a shimmering altar of Xom.
  6461 | D:8      | Noticed dracfodder's ghost (novice DrCj)
  6462 | D:8      | Noticed a +2 falchion of chaos
  6539 | D:8      | Found an iron altar of Okawaru.
  6556 | D:8      | Reached XP level 10. HP: 74/74 MP: 10/10
  6685 | D:8      | Found Casiqelu's Magic Scroll Boutique.
  6693 | D:8      | Bought a scroll of blinking for 112 gold pieces
  6693 | D:8      | Bought a scroll of magic mapping for 112 gold pieces
  6715 | D:8      | Found Wealoh's Distillery.
  6723 | D:8      | Bought a potion of heal wounds for 80 gold pieces
  6766 | D:8      | Noticed a two-headed ogre
  6835 | D:8      | Killed a two-headed ogre
  6876 | D:8      | Noticed a centaur warrior
  6887 | D:8      | Reached skill level 1 in Invocations
  6893 | D:8      | Killed a centaur warrior
  6894 | D:8      | Reached skill level 5 in Armour
  6951 | D:8      | Reached skill level 11 in Axes
  7036 | D:8      | Noticed a tengu warrior
  7036 | D:8      | Noticed a deep elf pyromancer
  7049 | D:8      | Killed a deep elf pyromancer
  7050 | D:8      | Killed a tengu warrior
  7051 | D:8      | Gained mutation: A demonic guardian rushes to your aid.
                  | [demonic ancestry]
  7051 | D:8      | Reached XP level 11. HP: 38/83 MP: 12/12
  7279 | D:8      | Found Amnykops's Book Boutique.
  7470 | D:8      | Killed a +2 falchion of chaos
  7477 | D:8      | Killed dracfodder's ghost
  7537 | D:10     | Entered Level 10 of the Dungeon
  7537 | D:10     | Noticed Psyche
  7591 | D:9      | Found a large runed translucent door.
  7592 | D:9      | Found a large runed translucent door.
  7597 | D:9      | Found a shimmering altar of Xom.
  7599 | D:9      | Identified the +5 dagger "Dofak" {chaos, +Blink}
  7647 | D:9      | Found a staircase to the Lair.
  7730 | D:9      | Found a hide-covered altar of Uskayaw.
  7832 | D:9      | Reached *** piety under Qazlal
  7980 | D:9      | Found a burning altar of Makhleb.
  8061 | D:9      | Noticed a white ugly thing
  8357 | D:9      | Killed Psyche
  8396 | D:9      | Reached skill level 1 in Evocations
  8580 | D:10     | Noticed a skeletal warrior
  8599 | D:10     | Found a transporter.
  8603 | D:10     | Found a transporter.
  8609 | D:10     | Found a one-way gate to the infinite horrors of the Abyss.
  8609 | D:10     | Noticed a sun demon
  8609 | D:10     | Noticed frimble's ghost (novice DsCA)
  8609 | D:10     | Noticed a hell hog
  8746 | D:10     | Reached skill level 12 in Axes
  8749 | D:10     | Noticed a two-headed ogre
  8762 | D:10     | Killed a two-headed ogre
  8947 | D:10     | Found an ancient bone altar of Kikubaaqudgha.
  9473 | D:11     | Noticed a boulder beetle
  9521 | D:11     | Killed a boulder beetle
  9535 | D:11     | Noticed a two-headed ogre
  9558 | D:11     | Killed a two-headed ogre
  9691 | D:12     | Noticed a white very ugly thing
  9822 | D:11     | Killed a white very ugly thing
  9840 | D:11     | Reached skill level 5 in Invocations
  9856 | D:12     | Noticed a centaur warrior
  9884 | D:11     | Reached XP level 12. HP: 78/92 MP: 15/15
  9888 | D:12     | Reached **** piety under Qazlal
  9898 | D:12     | Killed a centaur warrior
 10047 | D:12     | Found a staircase to the Orcish Mines.
 10419 | D:12     | Reached skill level 13 in Axes
 10588 | D:13     | Noticed an eight-headed hydra
 10592 | D:13     | Killed an eight-headed hydra
 10647 | D:13     | Noticed a centaur warrior
 10662 | D:13     | Killed a centaur warrior
 10698 | D:13     | Noticed a two-headed ogre
 10706 | D:13     | Killed a two-headed ogre
 10779 | D:13     | Noticed a yaktaur captain
 10798 | D:13     | Killed a yaktaur captain
 10815 | D:13     | Noticed a centaur warrior
 10829 | D:13     | Noticed a boulder beetle
 10832 | D:13     | Identified the ring "Xunnyit" {rPois rN+ Str-2 SInv}
 10832 | D:13     | Noticed a yaktaur captain
 10841 | D:13     | Killed a yaktaur captain
 10854 | D:13     | Reached skill level 5 in Evocations
 10855 | D:13     | Killed a centaur warrior
 10879 | D:12     | Killed a boulder beetle
 10938 | D:13     | Identified the +7 dagger "Conservator" {vorpal, Fly}
 10946 | D:13     | Got Wuewoj's Exposition on Generation
 11044 | D:13     | Noticed a centaur warrior
 11044 | D:13     | Noticed a centaur warrior
 11050 | D:13     | Killed a centaur warrior
 11059 | D:13     | Killed a centaur warrior
 11073 | D:13     | Reached XP level 13. HP: 99/100 MP: 18/18
 11075 | D:13     | Reached ***** piety under Qazlal
 11475 | D:13     | Reached skill level 14 in Axes
 11482 | D:13     | Found the ring of the Octopus King
 11506 | D:13     | Identified a ring of the Octopus King {rN+ HP+2 AC+2 EV+2
                  | SH+2}
 11508 | D:13     | Got the Atlas of Interference and the Compass
 11697 | Lair:1   | Entered Level 1 of the Lair of Beasts
 11908 | Lair:1   | Found a dark tunnel.
 11956 | Volcano  | Entered a volcano
 12106 | Volcano  | Found a radiant altar of Vehumet.
 12114 | Volcano  | Reached skill level 5 in Shields
 12981 | Lair:2   | Found a hole to the Spider Nest.
 13031 | Lair:2   | Found a staircase to the Shoals.
 14063 | Lair:3   | Reached ****** piety under Qazlal
 14064 | Lair:3   | Gained mutation: You have a pair of horns on your head.
                  | [demonic ancestry]
 14064 | Lair:3   | Reached XP level 14. HP: 108/108 MP: 21/21
 14211 | D:8      | Bought a +4 ring of slaying for 936 gold pieces
 14283 | Orc:1    | Entered Level 1 of the Orcish Mines
 14283 | Orc:1    | Found a burning altar of Makhleb.
 14345 | Orc:1    | Found a frozen archway.
 14354 | IceCv    | Entered an ice cave
 14573 | IceCv    | Reached skill level 10 in Invocations
 14674 | IceCv    | Noticed a frost giant
 14688 | IceCv    | Killed a frost giant
 14689 | IceCv    | Reached skill level 15 in Axes
 14746 | IceCv    | Got Inliec's Parchment of Ice
 15404 | Orc:2    | Entered Level 2 of the Orcish Mines
 15404 | Orc:2    | Found a staircase to the Elven Halls.
 15407 | Orc:2    | Noticed an orc warlord
 15478 | Orc:2    | Noticed Azrael
 15492 | Orc:2    | Killed Azrael
 15624 | Orc:2    | Reached skill level 10 in Fighting
 15880 | Orc:2    | Killed an orc warlord
 16170 | Orc:2    | Found Syujuergh's Antique Weapon Shoppe.
 16174 | Orc:2    | Found Deahabocs's Distillery.
 16175 | Orc:2    | Found Okluhi's Magic Scroll Emporium.
 16183 | Orc:2    | Bought a scroll of blinking for 97 gold pieces
 16185 | Orc:2    | Found Otulluq's Armour Shoppe.
 16194 | Orc:2    | Bought a +1 hat for 110 gold pieces
 16754 | Lair:3   | Reached XP level 15. HP: 104/115 MP: 23/23
 16850 | Lair:3   | Identified the +7 dagger "Pailet Dohimm" {vamp, rElec rC+}
 17141 | Lair:3   | Found the +3 crown of Dyrovepreva {rElec Int+2 SInv}
 17151 | Lair:3   | Identified the +8 morningstar of Tomorrow {spect, Fragile
                  | rPois rCorr Str-5}
 17616 | Lair:4   | Found a staircase to the Slime Pits.
 17983 | Lair:5   | Entered Level 5 of the Lair of Beasts
 17998 | Lair:5   | Reached skill level 1 in Long Blades
 18112 | Lair:5   | Got the Parchment of Fiery Grit
 18184 | Lair:5   | Found a radiant altar of Vehumet.
 19214 | Lair:5   | Found a corrupted altar of Lugonu.
 19247 | Lair:5   | Identified the +5 scale mail of Wariness {+Blink rElec rF++
                  | Will-}
 19586 | Shoals:1 | Entered Level 1 of the Shoals
 19736 | Shoals:1 | Reached skill level 16 in Axes
 19998 | Shoals:1 | Noticed a kraken
 20059 | Shoals:1 | Killed a kraken
 20073 | Shoals:1 | Found a runed translucent gate.
 20073 | Shoals:1 | Found a runed translucent gate.
 20073 | Shoals:1 | Found a runed translucent gate.
 20074 | Shoals:1 | Noticed Heluore's ghost (adept DsGl)
 20197 | Shoals:1 | Killed Heluore's ghost
 20287 | Shoals:1 | Reached XP level 16. HP: 60/124 MP: 21/25
 20797 | Shoals:1 | Reached skill level 10 in Evocations
 21224 | Shoals:2 | Reached skill level 1 in Short Blades
 21864 | Shoals:3 | Noticed a kraken
 21886 | Shoals:3 | Killed a kraken
 21901 | Shoals:3 | Reached skill level 10 in Shields
 21922 | Shoals:3 | Noticed Ilsuiw
 21953 | Shoals:3 | HP: 2/125 [merfolk/+0 trident[Ilsuiw] (10)]
 21954 | Shoals:3 | Slain by a merfolk

Illustrated notes

Levels and vault maps discovered:
D:1:      zelgadis_glass_arrival_small, layout_basic
D:2:      layout_rooms, kennysheep_minor_cross
D:3:      layout_basic, shapermc_ecumenical_altar_hornbeckon,
          kennysheep_cross_room, dreamdust_wishing_well, wad_rectangle_vault
D:4:      minmay_inner_zag, layout_gridville,
          nicolae_hepliaklqana_ecumenical_no_more, minmay_temple_entry_tees,
          serial_shops, nicolae_shop_crystal
D:5:      layout_rooms, chequers_serial_rivers_room_b, uniq_grinder, uniq_ijyb,
          uniq_crazy_yiuf_cottage
D:6:      layout_loops_corners, lemuel_coloured_pillars_altar, serial_shops,
          nicolae_shop_stone, nicolae_shop_firing_range, uniq_duvessa
D:7:      layout_rooms, nicolae_wu_jian_wuxing_cycle, minmay_misc_feat_rows
D:8:      kennysheep_windowed_halls, layout_rooms, okawaru_humans,
          mainiacjoe_overflow_chevrons, enter_ossuary_2, serial_shops,
          shop_fountains, nicolae_stop_n_shop_1,
          nicolae_shop_overgrown_old_shop, shop, nicolae_inconvenience_store,
          ebering_ghost_xom, minmay_shop_enchanted_jewellery, chequers_avenue
D:9:      due_chaos_kobolds, layout_basic, lemuel_crystal_altar, demons_altar
D:10:     layout_rooms, lemuel_zombie_altar_kikubaaqudgha,
          gammafunk_ghost_abyssal_escape, nicolae_two_hexagons, uniq_psyche
D:11:     layout_basic, dreamdust_princess_bridge
D:12:     layout_big_octagon, zombieorc1_lemuel, minmay_checkerbox
D:13:     minmay_the_grid_4x2 [minmay_the_grid_dragon_b, minmay_the_grid_doors,
          minmay_the_grid_expand, minmay_the_grid_minigrid_small_alt,
          minmay_the_grid_tree, minmay_the_grid_large_cup,
          minmay_the_grid_outer_diamond, minmay_the_grid_prize_diamond_cup],
          layout_long_grid, serial_shops, nicolae_shop_waterfront,
          minmay_lindwurm_lava
Temple:   nicolae_temple_superstar
Lair:1:   layout_long_grid, nicolae_volcano_entry_two_sided,
          dreamdust_gnoll_shepherd
Lair:2:   layout_chaotic_city, shoals_dummy_entry, spider_nest_entry_a,
          serial_forest, infiniplex_forest_end_3, infiniplex_forest_straight_4,
          infiniplex_forest_fountain, infiniplex_forest_corner_1,
          infiniplex_forest_end_1, infiniplex_forest_end_double,
          infiniplex_forest_clump_tiny, nicolae_lair_liquid_snakes
Lair:3:   layout_roguey, bobbens_dragon_lair_wall
Lair:4:   layout_big_grid, dpeg_slime_entry_corner
Lair:5:   hellmonk_lair_end_abyssal_woods, layout_cave_pods, basic_altar,
          grunt_megastairs_1, serial_bayou_shore_b
Shoals:1: layout_shoals, ebering_ghost_rock_garden
Shoals:2: layout_shoals, st_sunken_huts
Shoals:3: layout_shoals, nicolae_shoals_undead_eyrie, uniq_ilsuiw,
          uniq_polyphemus
Orc:1:    layout_caves, portal_ice_cave_entry_pillars_1, basic_altar
Orc:2:    st_orc_open, layout_caves, uniq_azrael

Skill      XL: |  1  2  3  4  5  6  7  8  9 10 11 12 13 14 15 16 |
---------------+-------------------------------------------------+-----
Axes           | 3 4 5 7 8 10 11 12 13 14 15 16 | 16.5
Dodging        | 3 4 5 6 7 8 9 |  9.0
Armour         | 1 2 3 4 5 6 7 8 |  8.5
Stealth        | 1 2 |  2.5
Fighting       | 3 4 5 6 7 8 9 10 11 | 11.0
Throwing       | 2 |  2.7
Shields        | 1 2 3 4 6 7 9 10 | 10.0
Invocations    | 2 5 7 9 11 12 14 | 14.3
Evocations     | 3 5 7 8 9 10 | 10.6
Long Blades    | 1 |  1.6
Short Blades   | 1 |  1.3
Polearms       | |  0.7

Action                   |  1- 3 |  4- 6 |  7- 9 | 10-12 | 13-15 | 16-18 || total
-------------------------+-------+-------+-------+-------+-------+-------++-------
Melee: War axe           |   106 |   139 |   321 |   569 |   487 |       ||  1622
       Punch             |     2 |     1 |     3 |    16 |     1 |       ||    23
       Headbutt          |     8 |    19 |    73 |   149 |   283 |    68 ||   600
       Trident           |       |       |       |     2 |       |       ||     2
       Broad axe         |       |       |       |       |   519 |   102 ||   621
       Scimitar          |       |       |       |       |    15 |       ||    15
       Dagger            |       |       |       |       |       |   100 ||   100
Throw: Throwing net      |     1 |       |       |       |       |       ||     1
       Dart              |       |       |    12 |       |     3 |       ||    15
Invok: Upheaval          |       |       |       |     2 |     5 |       ||     7
       Elemental Force   |       |       |       |       |     3 |     3 ||     6
Evoke: Wand              |       |       |       |     1 |     2 |     1 ||     4
       Condenser vane    |       |       |       |       |       |     1 ||     1
  Use: Potion            |     1 |     3 |       |     2 |     3 |     3 ||    12
       Scroll            |       |    12 |     5 |     7 |    12 |     1 ||    37
 Stab: Sleeping          |       |     3 |       |       |       |       ||     3
       Distracted        |       |       |     1 |     1 |     2 |     1 ||     5
       Petrified         |       |       |       |       |     4 |       ||     4
       Paralysed         |       |       |       |       |     4 |     4 ||     8
Armor: Leather armour    |    18 |       |       |       |       |       ||    18
       Ring mail         |       |    24 |       |       |       |       ||    24
       Scale mail        |       |    26 |   111 |   189 |   284 |    85 ||   695
       Fire dragon scale |       |       |       |       |    35 |       ||    35
Dodge: Dodged            |    94 |   167 |   356 |   624 |   649 |   174 ||  2064
       Repelled          |       |       |     3 |     8 |    20 |     2 ||    33
Block: Other             |       |       |    15 |   107 |    21 |       ||   143
       Kite shield       |       |       |       |       |  1078 |   331 ||  1409

Table legend: (Time is in decaauts)
 A = Elapsed time spent in this place.
 B = Non-inter-level travel time spent in this place.
 C = Inter-level travel time spent in this place.
 D = Time resting spent in this place.
 E = Time spent auto-exploring this place.
 F = Levels seen in this place.
 G = Mean time per level.
                   A        B        C        D        E       F      G
               +--------+--------+--------+--------+--------+-----+--------+
         Total |  22190 |  21499 |    691 |    490 |   8555 |  26 |  853.5 |
       Dungeon |  12025 |  11539 |    486 |    425 |   4606 |  13 |  925.0 |
        Temple |    106 |    106 |      0 |      0 |      0 |   1 |  106.0 |
          Lair |   5261 |   5070 |    191 |     29 |   2586 |   5 | 1052.2 |
        Shoals |   2510 |   2510 |      0 |     35 |    822 |   3 |  836.7 |
  Orcish Mines |   1461 |   1447 |     14 |      1 |    331 |   2 |  730.5 |
      Ice Cave |    549 |    549 |      0 |      0 |    129 |   1 |  549.0 |
       Volcano |    274 |    274 |      0 |      0 |     81 |   1 |  274.0 |
               +--------+--------+--------+--------+--------+-----+--------+

Top non-repeatable levels by time:
  Lair:5: 1440 daAuts
Shoals:1: 1377 daAuts
     D:1: 1276 daAuts
     D:8: 1206 daAuts
  Lair:2: 1147 daAuts
  Lair:3: 1086 daAuts
     D:6: 1077 daAuts
     D:9: 1071 daAuts
Shoals:2: 1024 daAuts
     D:4: 986 daAuts
    D:13: 974 daAuts
  Lair:1: 948 daAuts
   Orc:2: 945 daAuts
    D:12: 921 daAuts
     D:3: 867 daAuts
